[Event "November 21 Early 2023"]
[Site "https://www.chess.com"]
[Date "2023.11.21"]
[Round "7"]
[White "EdmundPlayer"]
[Black "Dilmukhametov, Artur"]
[Result "1-0"]
[Board "182"]
[TimeControl "180+1"]
[BlackFideId "24179922"]
[WhiteElo "2207"]
[BlackElo "2176"]
[BlackTeam "RUS"]
[WhiteClock "0:00:19"]
[BlackClock "0:00:00"]

1. Nc3 Nf6 2. e4 d6 3. d4 g6 4. Nf3 Bg7 5. Be2 O-O 6. O-O Nbd7 7. e5 dxe5 8. dxe5 Ne8 9. e6 fxe6 10. Ng5 Nef6 11. Nxe6 Qe8 12. Bc4 Ne5 13. Nxc7+ Nxc4 14. Nxe8 Rxe8 15. Nd5 Rf8 16. Nxe7+ Kh8 17. Nxc8 Raxc8 18. c3 Rcd8 19. Qb3 Nd6 20. Bg5 a6 21. Rad1 b5 22. Qb4 Nc4 23. Rxd8 Rxd8 24. Qe7 Re8 25. Qf7 Rf8 26. Qb7 Nxb2 27. Re1 Rd8 28. h4 Nd3 29. Re7 Ne8 30. Rxg7 Nxg7 31. Bxd8 1-0

[Event "November 21 Early 2023"]
[Site "https://www.chess.com"]
[Date "2023.11.21"]
[Round "7"]
[White "Chemin, Justo Reinaldo"]
[Black "Pak, Yevgeniy"]
[Result "0-1"]
[Board "183"]
[TimeControl "180+1"]
[WhiteFideId "2101580"]
[BlackFideId "14201712"]
[WhiteElo "1940"]
[BlackElo "2320"]
[WhiteTeam "BRA"]
[BlackTeam "KAZ"]
[WhiteClock "0:00:23"]
[BlackClock "0:01:14"]

1. e4 e5 2. Nf3 Nc6 3. Bb5 Nf6 4. d3 a6 5. Bxc6 dxc6 6. Nxe5 Bc5 7. Nf3 O-O 8. h3 h6 9. O-O Ne8 10. Be3 Bb6 11. Bxb6 cxb6 12. Nbd2 f5 13. exf5 Bxf5 14. Ne4 Nf6 15. Ng3 Bg6 16. Ne5 Bh7 17. c3 Qd6 18. Qb3+ Nd5 19. Rae1 Rae8 20. d4 c5 21. c4 Nf4 22. dxc5 Qxc5 23. Nd7 Qc6 24. c5+ Kh8 25. f3 Qxd7 26. Qxb6 Qd2 0-1

[Event "November 21 Early 2023"]
[Site "https://www.chess.com"]
[Date "2023.11.21"]
[Round "7"]
[White "DonCiao"]
[Black "Zoete, Roelant"]
[Result "1-0"]
[Board "185"]
[TimeControl "180+1"]
[BlackFideId "40103269"]
[WhiteElo "2119"]
[BlackElo "2324"]
[BlackTeam "NED"]
[WhiteClock "0:01:31"]
[BlackClock "0:01:22"]

1. c4 e6 2. g3 d5 3. Bg2 Nf6 4. Nf3 Be7 5. b3 O-O 6. O-O b6 7. Bb2 Bb7 8. e3 c5 9. Nc3 Nc6 10. cxd5 Nxd5 11. Nxd5 exd5 12. d4 cxd4 13. Nxd4 Nxd4 14. Bxd4 Qd6 15. Qd2 Rfd8 16. Rfd1 Bf6 17. Rac1 Rd7 18. Bh3 Rdd8 19. Qb2 Bxd4 20. Qxd4 Qe7 21. Qf4 h6 22. Rc7 Qg5 23. Qxg5 hxg5 24. Rxb7 a5 25. Rxb6 a4 26. bxa4 Rxa4 27. Rd2 f6 28. Be6+ Kh7 29. Bxd5 Ra5 30. Be4+ f5 31. Bxf5+ Rxf5 32. Rxd8 g6 33. Rd7+ Kh6 34. Rdd6 Kh5 35. Rxg6 Kg4 36. Kg2 Rxf2+ 37. Kxf2 Kh3 38. Rh6+ Kg4 39. Rb4+ Kf5 40. g4+ Ke5 41. Rg6 Kd5 42. Rxg5+ Kd6 43. Rb6+ Kc7 44. Rh6 Kd8 45. Rg7 Ke8 46. Rh8# 1-0

[Event "November 21 Early 2023"]
[Site "https://www.chess.com"]
[Date "2023.11.21"]
[Round "7"]
[White "Fernandez Siles, Luis"]
[Black "Fernandez Hernandez, Gerardo"]
[Result "1-0"]
[Board "186"]
[TimeControl "180+1"]
[WhiteFideId "2209420"]
[BlackFideId "2207400"]
[WhiteElo "2195"]
[BlackElo "2118"]
[WhiteTeam "ESP"]
[BlackTeam "ESP"]
[WhiteClock "0:01:44"]
[BlackClock "0:00:00"]

1. e4 e6 2. d4 d5 3. e5 c5 4. c3 Nc6 5. Nf3 Qb6 6. a3 f6 7. b4 fxe5 8. Nxe5 Nxe5 9. dxe5 g6 10. h4 Bg7 11. h5 Ne7 12. Be3 Qc7 13. f4 c4 14. hxg6 hxg6 15. Rxh8+ Bxh8 16. Nd2 Bd7 17. a4 Nf5 18. Bc5 b6 19. Bf2 O-O-O 20. g4 Ne7 21. a5 b5 22. a6 Rf8 23. Bc5 Rf7 24. Nf3 Nc6 25. Qd2 Bg7 26. Ng5 Rf8 27. Bxf8 Bxf8 28. Qh2 Be7 29. Qh7 Bxg5 30. fxg5 Qxe5+ 31. Kd1 Qxc3 32. Qh8+ Kc7 33. Qxc3 1-0

[Event "November 21 Early 2023"]
[Site "https://www.chess.com"]
[Date "2023.11.21"]
[Round "7"]
[White "Golubenko, Valentina"]
[Black "udithj22"]
[Result "0-1"]
[Board "187"]
[TimeControl "180+1"]
[WhiteFideId "4501993"]
[WhiteElo "2126"]
[BlackElo "2106"]
[WhiteTeam "CRO"]
[WhiteClock "0:00:09"]
[BlackClock "0:01:07"]

1. d4 Nf6 2. g3 c5 3. d5 g6 4. Bg2 Bg7 5. c4 O-O 6. Nc3 b5 7. cxb5 a6 8. d6 Ra7 9. dxe7 Qxe7 10. Bf4 Bb7 11. b6 Bxg2 12. bxa7 Nc6 13. Bd6 Qd8 14. Bxf8 Qxf8 15. Nf3 Bxh1 16. Qd3 Qc8 17. O-O-O Bxf3 18. Qxf3 Qb7 19. e4 Qxa7 20. Qe3 Qb6 21. e5 Ng4 22. Qe2 Ngxe5 23. f4 Nd4 24. Qe4 Nc4 25. Qe8+ Bf8 26. b3 Qa5 27. Nd5 Qa3+ 28. Kb1 Qb2# 0-1

[Event "November 21 Early 2023"]
[Site "https://www.chess.com"]
[Date "2023.11.21"]
[Round "7"]
[White "Nikulina, Alena"]
[Black "Nekoo04"]
[Result "0-1"]
[Board "188"]
[TimeControl "180+1"]
[WhiteFideId "4172051"]
[WhiteElo "1627"]
[BlackElo "2275"]
[WhiteTeam "RUS"]
[WhiteClock "0:00:08"]
[BlackClock "0:00:21"]

1. e4 c5 2. Nf3 d6 3. c3 Nf6 4. h3 Nc6 5. Bd3 e6 6. Bc2 d5 7. e5 Nd7 8. d4 Qb6 9. O-O Be7 10. a3 O-O 11. Qd3 f5 12. exf6 Nxf6 13. Bg5 Qxb2 14. Bxf6 Bxf6 15. Qxh7+ Kf7 16. Qg6+ Ke7 17. Ng5 Qxa1 18. Nh7 cxd4 19. Nxf8 Kxf8 20. cxd4 Qxd4 21. Rd1 Qe5 22. Qh7 Ke7 23. Nd2 Nd4 24. Ba4 b5 25. Bxb5 Nxb5 26. Nf3 Qe4 27. Qh5 Bd7 28. Ng5 Qf5 29. Qf7+ Kd6 30. Nf3 Nd4 31. Nxd4 Bxd4 32. Qxf5 exf5 33. Rxd4 Ke5 34. Rd3 d4 35. Kf1 Bb5 36. Ke2 Rc8 37. Kd2 Bxd3 38. Kxd3 Rc3+ 39. Kd2 Rxa3 0-1

[Event "November 21 Early 2023"]
[Site "https://www.chess.com"]
[Date "2023.11.21"]
[Round "7"]
[White "Vlasova, Nataliya"]
[Black "Samarth J Rao"]
[Result "0-1"]
[Board "189"]
[TimeControl "180+1"]
[WhiteFideId "4122682"]
[BlackFideId "46652370"]
[WhiteElo "1939"]
[BlackElo "1564"]
[WhiteTeam "RUS"]
[BlackTeam "IND"]
[WhiteClock "0:01:13"]
[BlackClock "0:01:26"]

1. e4 c5 2. f4 d6 3. Nf3 g6 4. d4 cxd4 5. Qxd4 Nf6 6. e5 Nc6 7. Qd3 dxe5 8. Qxd8+ Nxd8 9. fxe5 Nd7 10. Bf4 Bg7 11. Nbd2 Ne6 12. Bg3 Nb6 13. O-O-O Bd7 14. Bd3 O-O-O 15. Ne4 Bc6 16. Bh4 Nd5 17. Rhe1 h6 18. Bc4 g5 19. Bf2 Kb8 20. Ng3 Ndf4 21. Nf5 Rxd1+ 22. Rxd1 Bxf3 23. gxf3 Bxe5 24. Nxe7 Bd6 25. Rxd6 Kc7 26. Rd1 Kb8 27. Bc5 Nxc5 28. Bxf7 Rh7 29. Rd8+ Kc7 30. Nd5+ Kxd8 0-1

[Event "November 21 Early 2023"]
[Site "https://www.chess.com"]
[Date "2023.11.21"]
[Round "7"]
[White "Mirza, Diana"]
[Black "Nissinen, Niilo Man"]
[Result "0-1"]
[Board "190"]
[TimeControl "180+1"]
[WhiteFideId "2503999"]
[BlackFideId "30950767"]
[WhiteElo "1813"]
[BlackElo "1854"]
[WhiteTeam "IRL"]
[BlackTeam "HKG"]
[WhiteClock "0:00:09"]
[BlackClock "0:01:23"]

1. e4 c6 2. d4 d5 3. exd5 cxd5 4. Bd3 Nc6 5. c3 Qc7 6. Nf3 Bg4 7. h3 Bxf3 8. Qxf3 Nxd4 9. Qxd5 Rd8 10. Bb5+ Nxb5 11. Qxb5+ Rd7 12. Be3 a6 13. Qb3 Nf6 14. Nd2 e5 15. O-O Be7 16. Nc4 O-O 17. Nb6 Rd3 18. Rad1 Rfd8 19. Rxd3 Rxd3 20. Rd1 Rxd1+ 21. Qxd1 h6 22. Nd5 Qd6 23. Nxf6+ Qxf6 24. Qf3 Qxf3 25. gxf3 g5 26. Kf1 Kf8 27. Ke2 Ke8 28. Kd3 Kd7 29. Ke4 Ke6 30. b4 f5+ 31. Kd3 b5 32. Bb6 Kd5 33. a3 Bf6 34. Bc7 e4+ 35. fxe4+ fxe4+ 36. Kd2 Kc4 37. Ke3 Bxc3 38. Kxe4 Kb3 39. Kf5 Kxa3 40. Kg6 Bxb4 41. Kxh6 Bd2 42. Bd8 g4+ 43. Bg5 Bxg5+ 44. Kxg5 gxh3 45. f4 h2 46. f5 h1=Q 47. f6 Qh8 0-1

[Event "November 21 Early 2023"]
[Site "https://www.chess.com"]
[Date "2023.11.21"]
[Round "7"]
[White "Andersson, Bjorn 1971"]
[Black "Lohani, Sujana"]
[Result "1-0"]
[Board "191"]
[TimeControl "180+1"]
[WhiteFideId "1702114"]
[BlackFideId "12311987"]
[WhiteElo "2172"]
[BlackElo "1718"]
[WhiteTeam "SWE"]
[BlackTeam "NEP"]
[WhiteClock "0:01:17"]
[BlackClock "0:00:00"]

1. e4 d6 2. Bc4 Nf6 3. Nc3 g6 4. d4 Bg7 5. Bg5 O-O 6. e5 Ne8 7. f4 Nc6 8. Nf3 Bg4 9. d5 Na5 10. Qd4 Nxc4 11. Qxc4 Bxf3 12. gxf3 dxe5 13. fxe5 Bxe5 14. O-O-O Nd6 15. Qd3 Qd7 16. Bh6 Bg7 17. Bxg7 Kxg7 18. h4 h5 19. Ne4 Nf5 20. Rdg1 Rad8 21. c4 c6 22. Qc3+ Kg8 23. Rd1 cxd5 24. Rxd5 Qc8 25. Rhd1 Rxd5 26. Rxd5 Rd8 27. Qd3 Rxd5 28. Qxd5 Ne3 29. Qg5 Qxc4+ 30. Kd2 Nf1+ 31. Ke1 Qd3 32. Qxe7 Ng3 33. Qe5 Nxe4 34. fxe4 Qe3+ 35. Kd1 Qd3+ 36. Kc1 Qe3+ 37. Kc2 Qe2+ 38. Kb3 Qd3+ 39. Ka4 Qa6+ 40. Kb3 Qd3+ 41. Kb4 1-0

[Event "November 21 Early 2023"]
[Site "https://www.chess.com"]
[Date "2023.11.21"]
[Round "7"]
[White "Sanchez Alvares, Kelvin Antonio"]
[Black "Martin, Lewis"]
[Result "0-1"]
[Board "192"]
[TimeControl "180+1"]
[WhiteFideId "3906680"]
[BlackFideId "410551"]
[WhiteElo "2217"]
[BlackElo "2145"]
[WhiteTeam "VEN"]
[BlackTeam "ENG"]
[WhiteClock "0:00:00"]
[BlackClock "0:00:11"]

1. e4 c6 2. d4 d5 3. e5 Bf5 4. Nc3 e6 5. g4 Bg6 6. Nge2 h5 7. Nf4 Bh7 8. Nxh5 c5 9. Be3 Nc6 10. Bb5 Ne7 11. dxc5 a6 12. Ba4 Qa5 13. a3 O-O-O 14. b4 Qc7 15. b5 Nxe5 16. bxa6 bxa6 17. Qe2 Nc4 18. Bb3 Qa5 19. Bd2 Qxc5 20. Na4 Qc7 21. Bxc4 dxc4 22. O-O Nd5 23. Rab1 Bxc2 24. Rbc1 Bd3 25. Qxd3 cxd3 26. Ba5 Bd6 27. Bxc7 Bxc7 28. Rfd1 g6 29. Ng3 Nf4 30. Nc5 Ne2+ 31. Nxe2 dxe2 32. Re1 Bxh2+ 33. Kg2 Kb8 34. Rxe2 Ka7 35. Re4 Rc8 36. Ra4 Rc6 37. Nd3 Rxc1 38. Nxc1 Bd6 39. Ne2 Rh2+ 40. Kf1 Rh4 41. Ng1 f5 42. Nf3 Rxg4 43. Rxg4 fxg4 44. Nh4 g5 45. Ng6 Bxa3 46. Ne5 Bd6 47. Nxg4 a5 48. Ke2 a4 49. Kd3 a3 50. Kc3 Kb6 51. Nf6 Be5+ 0-1

[Event "November 21 Early 2023"]
[Site "https://www.chess.com"]
[Date "2023.11.21"]
[Round "7"]
[White "Zepeda Berlanga, Jan Enrique"]
[Black "Mayaud, Raphael"]
[Result "0-1"]
[Board "193"]
[TimeControl "180+1"]
[WhiteFideId "5132355"]
[BlackFideId "627151"]
[WhiteElo "1680"]
[BlackElo "2191"]
[WhiteTeam "MEX"]
[BlackTeam "FRA"]
[WhiteClock "0:00:00"]
[BlackClock "0:00:53"]

1. e4 d5 2. exd5 Qxd5 3. Nc3 Qa5 4. d4 c6 5. Nf3 Nf6 6. Bd3 Bg4 7. O-O e6 8. h3 Bh5 9. Re1 Nbd7 10. Bd2 Qc7 11. Be4 Bd6 12. Bg5 O-O-O 13. Qd3 h6 14. Bxf6 gxf6 15. a4 Rhg8 16. Ne2 Rg7 17. Kh1 Rdg8 18. Rg1 f5 19. Bxf5 exf5 20. Qxf5 Bg6 21. Qg4 Bd3 0-1

[Event "November 21 Early 2023"]
[Site "https://www.chess.com"]
[Date "2023.11.21"]
[Round "7"]
[White "Ambrogi, Agustin"]
[Black "GMT4114"]
[Result "1-0"]
[Board "194"]
[TimeControl "180+1"]
[WhiteFideId "170933"]
[WhiteElo "2214"]
[BlackElo "1950"]
[WhiteTeam "ARG"]
[WhiteClock "0:02:31"]
[BlackClock "0:00:00"]

1. e4 e6 2. d4 d5 3. exd5 exd5 4. c4 Nf6 5. Nc3 Bb4 6. Nf3 O-O 7. Be2 Nbd7 8. O-O dxc4 9. Bxc4 Nb6 10. Bd3 h6 11. a3 Be7 12. Re1 c6 13. Ne5 Nbd5 14. Bc2 Be6 15. Qd3 Qc7 16. Bd2 Rad8 17. Rac1 Rfe8 18. Bb1 Qb8 19. Qg3 Nh5 20. Qf3 Nhf6 21. Ne4 Nxe4 22. Qxe4 Nf6 23. Qh4 Bd5 24. Bxh6 gxh6 25. Qxh6 Rd6 26. Rc3 Bf8 27. Rg3+ 1-0

[Event "November 21 Early 2023"]
[Site "https://www.chess.com"]
[Date "2023.11.21"]
[Round "7"]
[White "Adithya A Chullikkad"]
[Black "Gyulamiryan-koryun"]
[Result "0-1"]
[Board "195"]
[TimeControl "180+1"]
[WhiteFideId "45078734"]
[WhiteElo "2042"]
[BlackElo "1891"]
[WhiteTeam "IND"]
[WhiteClock "0:00:52"]
[BlackClock "0:00:50"]

1. d4 Nf6 2. Bf4 d5 3. Nf3 e6 4. e3 c5 5. c3 Nc6 6. Nbd2 b6 7. Bd3 Bb7 8. O-O Bd6 9. Bg3 h5 10. Bh4 Qc7 11. e4 dxe4 12. Nxe4 Nxe4 13. Bxe4 cxd4 14. cxd4 O-O 15. h3 Ne7 16. Bh7+ Kxh7 17. Ng5+ Kg6 18. Rc1 Bh2+ 19. Kh1 Qf4 20. Qd3+ Nf5 21. Nf3 Bxf3 22. gxf3 Qxh4 23. Kxh2 Qf4+ 24. Kh1 Kh7 25. Rg1 g6 26. Rg3 Nxg3+ 27. fxg3 Qxc1+ 0-1

[Event "November 21 Early 2023"]
[Site "https://www.chess.com"]
[Date "2023.11.21"]
[Round "8"]
[White "Carlsen, Magnus"]
[Black "Dubov, Daniil"]
[Result "1-0"]
[Board "1"]
[TimeControl "180+1"]
[WhiteFideId "1503014"]
[BlackFideId "24126055"]
[WhiteElo "2887"]
[BlackElo "2767"]
[WhiteTeam "NOR"]
[BlackTeam "RUS"]
[WhiteClock "0:00:19"]
[BlackClock "0:00:01"]

1. h4 h5 2. e4 c5 3. Nf3 Nc6 4. Nc3 g6 5. d4 cxd4 6. Nxd4 Bg7 7. Be3 Nf6 8. Qd2 Ng4 9. Nxc6 bxc6 10. Bd4 Bh6 11. Qd3 O-O 12. f3 c5 13. Bxc5 Qc7 14. fxg4 Qxc5 15. Nd5 Bb7 16. gxh5 Bxd5 17. exd5 Rab8 18. b3 e6 19. Be2 exd5 20. Kf1 Rbe8 21. Rh3 Re5 22. hxg6 fxg6+ 23. Rf3 Ref5 24. g4 Rxf3+ 25. Bxf3 Bg7 26. Rd1 Qe7 27. Kg2 d4 28. Rf1 Qd6 29. Qe4 Rf4 30. Qxf4 Qxf4 31. Bd5+ 1-0

[Event "November 21 Early 2023"]
[Site "https://www.chess.com"]
[Date "2023.11.21"]
[Round "8"]
[White "Halkias, Stelios"]
[Black "Nakamura, Hikaru"]
[Result "0-1"]
[Board "2"]
[TimeControl "180+1"]
[WhiteFideId "4201809"]
[BlackFideId "2016192"]
[WhiteElo "2462"]
[BlackElo "2874"]
[WhiteTeam "GRE"]
[BlackTeam "USA"]
[WhiteClock "0:00:05"]
[BlackClock "0:00:11"]

1. Nf3 g6 2. d4 Nf6 3. g3 b5 4. Bg2 Bb7 5. O-O Bg7 6. c3 a6 7. a4 O-O 8. Bg5 d6 9. Nbd2 Nbd7 10. Qb3 Bd5 11. Qc2 c5 12. e4 Bc6 13. d5 Bb7 14. c4 bxc4 15. Nxc4 a5 16. Rfe1 Ba6 17. Bf1 Ng4 18. h3 Bxc4 19. hxg4 Bxf1 20. Rxf1 Rb8 21. Rab1 Ne5 22. Nxe5 Bxe5 23. Kg2 Qd7 24. f3 Rb7 25. Bd2 Rfb8 26. b3 Qd8 27. Qc4 Ra7 28. g5 Qc8 29. Rh1 Qa6 30. f4 Bd4 31. Kf3 Rb6 32. g4 Qb7 33. Rh3 Qb8 34. Ke2 Qc8 35. Rg3 Qa6 36. Kd3 Qb7 37. f5 Be5 38. Rh3 Qb8 39. Kc2 Rab7 40. Rbh1 Rb4 41. Bxb4 Rxb4 42. Qa6 c4 43. Rd1 cxb3+ 44. Kd3 b2 45. Ke2 b1=Q 46. Rxb1 Rxb1 47. Rd3 Rb4 48. Kf3 Rb3 49. Rxb3 Qxb3+ 50. Ke2 Qc2+ 51. Kf3 Qc3+ 52. Ke2 Kg7 53. Qb7 Qc2+ 54. Ke3 Qc1+ 55. Ke2 Qxg5 56. Qd7 Qxg4+ 57. Kd3 Qf3+ 58. Kc4 Qxe4+ 59. Kb5 Qb4+ 60. Ka6 Qc4+ 61. Ka7 Bd4+ 62. Kb8 Bf6 63. Qc6 Qb4+ 64. Kc8 g5 65. Kd7 g4 66. Qc2 Qb7+ 67. Ke8 e5 68. fxe6 Qe7# 0-1

[Event "November 21 Early 2023"]
[Site "https://www.chess.com"]
[Date "2023.11.21"]
[Round "8"]
[White "Van Foreest, Jorden"]
[Black "Andreikin, Dmitry"]
[Result "0-1"]
[Board "3"]
[TimeControl "180+1"]
[WhiteFideId "1039784"]
[BlackFideId "4158814"]
[WhiteElo "2664"]
[BlackElo "2741"]
[WhiteTeam "NED"]
[BlackTeam "FID"]
[WhiteClock "0:00:00"]
[BlackClock "0:00:05"]

1. e4 c5 2. Nf3 g6 3. d4 cxd4 4. Nxd4 Nf6 5. Nc3 d6 6. Be3 Nc6 7. f3 h5 8. Bc4 Bg7 9. Qd2 Bd7 10. Bb3 Na5 11. O-O Rc8 12. Rad1 Nc4 13. Bxc4 Rxc4 14. Nde2 Qa5 15. Kh1 h4 16. b3 Rc6 17. Bd4 h3 18. g4 Be6 19. a4 b6 20. Nb5 O-O 21. Bc3 Qa6 22. Ned4 Rcc8 23. Bb2 Bd7 24. c4 Qb7 25. Nc3 a6 26. Rg1 Rfd8 27. Nf5 gxf5 28. gxf5 Bxf5 29. Rxg7+ Kxg7 30. Nd5 Bg6 31. Qg5 Kf8 32. Bxf6 exf6 33. Qxf6 Ke8 34. Rg1 Rc5 35. Rxg6 fxg6 36. Qe6+ Kf8 37. Qf6+ Ke8 38. Qe6+ Kf8 39. Qf6+ Qf7 40. Qxd8+ Kg7 41. Kg1 Qxf3 42. Qe7+ Kh6 43. Qh4+ Kg7 44. Qe7+ Kh6 45. Qh4+ Qh5 46. Qe1 Qg4+ 47. Kf2 Rc8 48. Qd2+ g5 49. Qd4 Rf8+ 50. Ke1 Qh4+ 0-1

[Event "November 21 Early 2023"]
[Site "https://www.chess.com"]
[Date "2023.11.21"]
[Round "8"]
[White "Erigaisi Arjun"]
[Black "Henriquez Villagra, Cristobal"]
[Result "1-0"]
[Board "4"]
[TimeControl "180+1"]
[WhiteFideId "35009192"]
[BlackFideId "3409350"]
[WhiteElo "2729"]
[BlackElo "2572"]
[WhiteTeam "IND"]
[BlackTeam "CHI"]
[WhiteClock "0:00:42"]
[BlackClock "0:00:05"]

1. c4 Nf6 2. Nc3 g6 3. e4 d6 4. d4 Bg7 5. Nf3 O-O 6. Be3 Na6 7. h3 e5 8. d5 Nc5 9. Nd2 c6 10. b4 Na6 11. a3 Nc7 12. Be2 Kh8 13. g4 Ng8 14. h4 f5 15. gxf5 gxf5 16. f3 cxd5 17. cxd5 Bd7 18. Qb3 Rc8 19. O-O-O a5 20. Bb6 axb4 21. axb4 Nxd5 22. Bxd8 Nxc3 23. Bc4 Nxd1 24. Bb6 Rc6 25. Kxd1 Rxb6 26. b5 d5 27. exd5 Ra8 28. Ke2 Rg6 29. Kf2 Bf8 30. Qe3 Bd6 31. h5 Rf6 32. Ke2 Rc8 33. Qg5 h6 34. Qg2 Ne7 35. Rg1 Rg8 36. Qf2 Rxg1 37. Qxg1 Nc8 38. Qa1 Kg7 39. Qa8 b6 40. Bd3 Kf7 41. Nc4 Ke7 42. Qa1 e4 43. fxe4 fxe4 44. Bxe4 Bg4+ 45. Kd3 Bc5 46. Qe5+ Kf7 47. Bg6+ Kg7 48. Qc7+ Kg8 49. Qh7+ Kf8 50. Qh8+ Ke7 51. Qe8# 1-0

[Event "November 21 Early 2023"]
[Site "https://www.chess.com"]
[Date "2023.11.21"]
[Round "8"]
[White "Shimanov, Aleksandr"]
[Black "Nihal Sarin"]
[Result "1/2-1/2"]
[Board "5"]
[TimeControl "180+1"]
[WhiteFideId "4198603"]
[BlackFideId "25092340"]
[WhiteElo "2611"]
[BlackElo "2689"]
[WhiteTeam "RUS"]
[BlackTeam "IND"]
[WhiteClock "0:00:49"]
[BlackClock "0:00:16"]

1. e4 e5 2. Nf3 Nc6 3. Nc3 Nf6 4. h3 g6 5. d4 exd4 6. Nxd4 Bg7 7. Nxc6 dxc6 8. Qxd8+ Kxd8 9. Bf4 Be6 10. O-O-O+ Nd7 11. a3 h5 12. Be2 h4 13. Bg5+ Ke8 14. Rd2 Bh6 15. Bxh6 Rxh6 16. Rhd1 g5 17. b3 Ne5 18. f3 Ke7 19. Kb2 a5 20. a4 b6 21. Nb1 c5 22. Na3 c6 23. Nc4 Bxc4 24. Bxc4 Rhh8 25. Bf1 Rhd8 26. Kc1 Rxd2 27. Rxd2 Ng6 28. Kd1 Nf4 29. Ke1 f6 30. Kf2 Rd8 31. Rxd8 Kxd8 32. g3 hxg3+ 33. Kxg3 Ng6 34. Kg4 Ke7 35. Kf5 Nh4+ 36. Kg4 Ng6 37. Kf5 Nh4+ 38. Kg4 Ng6 1/2-1/2

[Event "November 21 Early 2023"]
[Site "https://www.chess.com"]
[Date "2023.11.21"]
[Round "8"]
[White "Le, Quang Liem"]
[Black "Puranik, Abhimanyu"]
[Result "1-0"]
[Board "6"]
[TimeControl "180+1"]
[WhiteFideId "12401137"]
[BlackFideId "5061245"]
[WhiteElo "2665"]
[BlackElo "2493"]
[WhiteTeam "VIE"]
[BlackTeam "IND"]
[WhiteClock "0:00:13"]
[BlackClock "0:00:15"]

1. Nf3 Nf6 2. c4 c5 3. Nc3 e6 4. g3 b6 5. Bg2 Bb7 6. O-O Be7 7. d4 cxd4 8. Qxd4 O-O 9. Bg5 h6 10. Bxf6 Bxf6 11. Qe3 Qc7 12. Rac1 a6 13. Rfd1 d6 14. Ne4 Bxe4 15. Qxe4 Nd7 16. b4 a5 17. Nd4 axb4 18. Nb5 Qc5 19. Rxd6 Ne5 20. Rc2 Rad8 21. Rxd8 Rxd8 22. e3 Rd1+ 23. Bf1 g5 24. Kg2 g4 25. Be2 Ra1 26. Bxg4 Qc6 27. Qxc6 Nxc6 28. Bh5 Ne5 29. f4 Nd3 30. Rd2 Nb2 31. Rd7 Nxc4 32. Bxf7+ Kh8 33. Bxe6 Rxa2+ 34. Kf3 Rd2 35. Rf7 Nd6 36. Nxd6 Rxd6 37. Rxf6 1-0

[Event "November 21 Early 2023"]
[Site "https://www.chess.com"]
[Date "2023.11.21"]
[Round "8"]
[White "Sadhwani, Raunak"]
[Black "Rohith Krishna S"]
[Result "1-0"]
[Board "7"]
[TimeControl "180+1"]
[WhiteFideId "35093487"]
[BlackFideId "46617051"]
[WhiteElo "2668"]
[BlackElo "2394"]
[WhiteTeam "IND"]
[BlackTeam "IND"]
[WhiteClock "0:01:41"]
[BlackClock "0:00:20"]

1. e4 e5 2. Nf3 Nc6 3. Bb5 a6 4. Ba4 Nf6 5. O-O Be7 6. Re1 b5 7. Bb3 O-O 8. d3 d6 9. a4 Bg4 10. c3 Na5 11. Bc2 c5 12. h3 Be6 13. Nbd2 b4 14. d4 bxc3 15. bxc3 cxd4 16. cxd4 Rc8 17. d5 Bd7 18. Bd3 Qb6 19. Ba3 Rc3 20. Nxe5 dxe5 21. Bxe7 Rxd3 22. Bxf8 Kxf8 23. Qc2 Rd4 24. Reb1 Qd8 25. Qc3 g6 26. Rb4 Rxb4 27. Qxb4+ Kg7 28. Rc1 Bc8 29. Nf3 Nd7 30. Qc3 Bb7 31. Nxe5 Nxe5 32. Qxe5+ Kh6 33. Rc7 f6 34. Qc3 Qb8 35. Qxa5 1-0

[Event "November 21 Early 2023"]
[Site "https://www.chess.com"]
[Date "2023.11.21"]
[Round "8"]
[White "Maghsoodloo, Parham"]
[Black "Raja Rithvik R"]
[Result "1-0"]
[Board "8"]
[TimeControl "180+1"]
[WhiteFideId "12539929"]
[BlackFideId "35007394"]
[WhiteElo "2660"]
[BlackElo "2395"]
[WhiteTeam "IRI"]
[BlackTeam "IND"]
[WhiteClock "0:01:17"]
[BlackClock "0:00:12"]

1. d4 Nf6 2. c4 e6 3. Nf3 d5 4. Nc3 Bb4 5. Qa4+ Nc6 6. Bg5 h6 7. Bxf6 Qxf6 8. cxd5 exd5 9. e3 O-O 10. Be2 Be6 11. O-O a6 12. Qc2 Bd6 13. Na4 Ne7 14. Nc5 Bf5 15. Qc3 Rab8 16. Ne5 Rfd8 17. f4 Be4 18. Nxe4 dxe4 19. Bc4 Bxe5 20. fxe5 Qg5 21. Rxf7 Kh8 22. Raf1 c6 23. R7f4 c5 24. Rxe4 Rbc8 25. Qd3 b5 26. Be6 Rc6 27. Bg4 Qg6 28. Bf3 Nf5 29. Rg4 1-0

[Event "November 21 Early 2023"]
[Site "https://www.chess.com"]
[Date "2023.11.21"]
[Round "8"]
[White "luckyswitchback"]
[Black "Le, Tuan Minh"]
[Result "0-1"]
[Board "9"]
[TimeControl "180+1"]
[BlackFideId "12401153"]
[WhiteElo "2836"]
[BlackElo "2561"]
[BlackTeam "VIE"]
[WhiteClock "0:00:00"]
[BlackClock "0:00:17"]

1. e4 e5 2. Nf3 Nc6 3. Bb5 a6 4. Ba4 Bc5 5. O-O Nge7 6. c3 Ng6 7. d4 Ba7 8. Bg5 f6 9. Be3 O-O 10. Nbd2 Kh8 11. Re1 d6 12. h3 exd4 13. cxd4 Nce7 14. d5 Bxe3 15. Rxe3 f5 16. Bc2 Nf4 17. Nf1 fxe4 18. Bxe4 Bf5 19. Nd4 Bxe4 20. Rxe4 Nexd5 21. Ne3 Qg5 22. h4 Qg6 23. Qf3 Ne2+ 24. Qxe2 Qxe4 25. Nxd5 Qxd5 26. Nf3 Rae8 27. Qc2 Re7 28. Ng5 Qf5 29. Qd2 h6 30. Nf3 Rfe8 31. Rc1 Qf6 32. h5 c5 33. b3 b5 34. Qd5 Re4 35. Rd1 Rg4 36. Qc6 Rf8 37. Kf1 Rd4 38. Re1 Rh4 39. Kg1 Rxh5 40. Qxa6 b4 41. Rd1 d5 42. Qa7 d4 43. Qb7 Rf5 44. Re1 d3 45. Qe4 Qc3 46. Qe3 d2 47. Qxd2 Rxf3 0-1

[Event "November 21 Early 2023"]
[Site "https://www.chess.com"]
[Date "2023.11.21"]
[Round "8"]
[White "Alexandre, Anne Shopie Elizabeth"]
[Black "Pranesh M"]
[Result "0-1"]
[Board "10"]
[TimeControl "180+1"]
[WhiteFideId "11902418"]
[BlackFideId "35028600"]
[WhiteElo "2831"]
[BlackElo "2481"]
[WhiteTeam "HAI"]
[BlackTeam "IND"]
[WhiteClock "0:00:00"]
[BlackClock "0:00:17"]

1. e4 e5 2. Nf3 Nc6 3. Bc4 Nf6 4. d3 Bc5 5. Nc3 h6 6. O-O d6 7. Na4 Bb4 8. c3 Ba5 9. b4 Bb6 10. Nxb6 axb6 11. Re1 O-O 12. a4 Be6 13. Bxe6 fxe6 14. Be3 Qe8 15. b5 Ne7 16. Nd2 g5 17. d4 Ng6 18. Nc4 Nxe4 19. Qd3 d5 20. Nxe5 Nxe5 21. dxe5 c5 22. bxc6 bxc6 23. f3 Nc5 24. Bxc5 bxc5 25. a5 Qf7 26. Reb1 c4 27. Qe3 Qc7 28. a6 c5 29. Rb5 Rfc8 30. h4 Qe7 31. Raa5 Rc6 32. Rxc5 Rxc5 33. Rxc5 Rxa6 34. Rc8+ Kg7 35. hxg5 Ra1+ 36. Kf2 Ra2+ 37. Kg1 Qxg5 38. Qxg5+ hxg5 39. Rc7+ Kg6 40. g4 Re2 41. Kf1 Re3 42. Kf2 Rxc3 43. Re7 d4 44. Rxe6+ Kf7 45. Rd6 Rc2+ 46. Ke1 d3 47. Rd5 Re2+ 48. Kd1 Ke6 49. Rd4 Rc2 50. Re4 c3 51. Re3 Rd2+ 52. Kc1 Kf7 53. e6+ Ke7 0-1

[Event "November 21 Early 2023"]
[Site "https://www.chess.com"]
[Date "2023.11.21"]
[Round "8"]
[White "Suyarov, Mukhammadzokhid"]
[Black "Liang, Awonder"]
[Result "0-1"]
[Board "11"]
[TimeControl "180+1"]
[WhiteFideId "14210495"]
[BlackFideId "2056437"]
[WhiteElo "2449"]
[BlackElo "2527"]
[WhiteTeam "UZB"]
[BlackTeam "USA"]
[WhiteClock "0:00:21"]
[BlackClock "0:00:49"]

1. e4 b6 2. d4 Bb7 3. Nc3 e6 4. Bd3 d6 5. f4 Nd7 6. Nf3 g6 7. O-O Bg7 8. Be3 a6 9. Qe1 Ngf6 10. e5 Ng4 11. Bd2 O-O 12. Ne4 h5 13. c3 dxe5 14. fxe5 Ndxe5 15. Bc2 Nxf3+ 16. gxf3 Nh6 17. Bg5 f6 18. Bxh6 Bxh6 19. Kh1 f5 20. Ng3 Qf6 21. Bb3 Rae8 22. Kg1 Kh7 23. Rd1 Re7 24. Qe5 h4 25. Ne2 Qxe5 26. dxe5 Be3+ 27. Kg2 g5 28. Rd3 Bc5 29. Kh3 Bxf3 30. Rfxf3 g4+ 31. Kxh4 gxf3 32. Rxf3 Rg8 33. Nf4 Rg4+ 34. Kh5 Reg7 35. Nxe6 Be7 36. Rf4 R7g5+ 37. Nxg5+ Rxg5+ 0-1